 Dungeon Crawl Stone Soup version 0.28-a0-1212-gc6b4282bc0 (webtiles) character file.

Game seed: 16697229282070232279

57 Fortus the Vexing (level 4, -5/41 HPs)
             Began as an Ogre Arcane Marksman on Dec 21, 2021.
             Slain by a black bear (6 damage)
             ... on level 2 of the Dungeon.
             The game lasted 00:05:39 (2801 turns).

Fortus the Vexing (Ogre Arcane Marksman)            Turns: 2801, Time: 00:05:39

Health: -5/41      AC:  3    Str: 14    XL:     4   Next: 0%
Magic:  7/7        EV:  9    Int: 16    God:
Gold:   50         SH:  0    Dex:  9    Spells: 3/7 levels left

rFire   . . .      SeeInvis .   e - +0 club
rCold   . . .      Faith    .   (no shield)
rNeg    . . .      Spirit   .   a - +0 robe
rPois   .          Reflect  .   (helmet restricted)
rElec   .          Harm     .   (no cloak)
rCorr   .          Rampage  .   (gloves unavailable)
Will    .....                   (boots unavailable)
Stlth   +.........              (no amulet)
HPRegen 0.13/turn               (no ring)
MPRegen 0.10/turn               (no ring)

@: no status effects
A: large, unfitting armour, tough skin 1
a: no special abilities


You were on level 2 of the Dungeon.
You visited 1 branch of the dungeon, and saw 3 of its levels.

You collected 50 gold pieces.

Inventory:

Hand Weapons
 e - a +0 club (weapon)
Missiles
 h - 30 poisoned darts (quivered)
Armour
 a - a +0 robe (worn)
Scrolls
 d - a scroll of amnesia {unknown}
 g - a scroll of identify {unknown}
Potions
 b - a potion of mutation {unknown}
 f - a potion of heal wounds {unknown}
 i - a potion of brilliance {unknown}


   Skills:
 - Level 1.4 Fighting
 * Level 3.1 Throwing
 - Level 1.7 Dodging
 + Level 2.2 Spellcasting
 + Level 3.1 Hexes
 + Level 0.4 Translocations


You had 3 spell levels left.
You knew the following spells:

 Your Spells              Type           Power      Damage    Failure   Level
a - Slow                  Hex            44%        N/A       5%          1
b - Portal Projectile     Hex/Tloc       14%        N/A       28%         3

Your spell library contained the following spells:

 Spells                   Type           Power      Damage    Failure   Level
 Ensorcelled Hibernation  Hex/Ice        12%        N/A       16%         2
 Tukima's Dance           Hex            11%        N/A       17%         3
 Inner Flame              Hex/Fire       6%         N/A       32%         3
 Cause Fear               Hex            5%         N/A       50%         4


Dungeon Overview and Level Annotations

Branches:
Dungeon (3/15)

Altars:


Innate Abilities, Weirdness & Mutations

You are too large for most types of armour.
You have tough skin. (AC +1)


Message History

You hit the black bear.
The black bear is severely wounded.
The black bear struggles against the net.
A goblin comes into view. It is wielding a +0 club.
You strike the helpless black bear from behind!
You hit the black bear.
The black bear is severely wounded.
The black bear goes berserk!
The black bear struggles against the net.
The net rips apart, and the black bear comes free!
The goblin shouts!
You hit the black bear.
The black bear is almost dead.
The black bear barely misses you. The black bear claws you.
The black bear claws you but does no damage.
You barely miss the black bear.
The black bear is severely wounded.
The black bear bites you. The black bear misses you.
The black bear claws you but does no damage.
The black bear bites you but does no damage.
The black bear claws you. x2
You hit the black bear.
The black bear is severely wounded.
The black bear bites you. The black bear claws you. x2
The black bear bites you!
* * * LOW HITPOINT WARNING * * *
The black bear claws you.
* * * LOW HITPOINT WARNING * * *
The black bear barely misses you.
The black bear rages.
The black bear bites you but does no damage.
The black bear claws you.
* * * LOW HITPOINT WARNING * * *
The black bear closely misses you.
The black bear bites you but does no damage.
The black bear claws you.
* * * LOW HITPOINT WARNING * * *
The black bear claws you but does no damage.
The black bear barely misses you. The black bear claws you.
You die...

...#### ######...#
.###....... #
#...##...####..........# #.
#...##.........# ##.... ...
#...##.>......# ##### ....
#...##........# #
....(#...##........# #
...................##########
(.....(...gh@................
...........#.#.........######
.....#.............###.######
#### #....##.......###......#
###..##.##..........##..
#?.##.###########.###.
.^..... #### #..... ###.....
...# #####. #<#.# .###..## ##


You could see a black bear (berserk) and a goblin.

Vanquished Creatures
  A worm (D:2)
  3 dart slugs (D:1)
  2 ball pythons (D:1)
  3 bats
  2 endoplasms
  2 giant cockroaches
  5 goblins (D:1)
  4 hobgoblins (D:2)
  7 jackals (D:1)
  6 kobolds
  2 quokkas
  2 frilled lizards (D:2)
  5 rats
44 creatures vanquished.

Vanquished Creatures (others)
  3 plants (D:1)
  5 withered plants (D:1)
8 creatures vanquished.

Grand Total: 52 creatures vanquished

Notes
Turn   | Place    | Note
-------+----------+-------------------------------------------
     0 | D:1      | Fortus the Ogre Arcane Marksman began the quest for the
                  | Orb.
     0 | D:1      | Reached XP level 1. HP: 19/19 MP: 2/2
    79 | D:1      | Reached XP level 2. HP: 21/27 MP: 2/4
   525 | D:1      | Reached XP level 3. HP: 33/33 MP: 5/5
   917 | D:1      | Learned a level 3 spell: Portal Projectile
  1249 | D:1      | Found a faded altar of an unknown god.
  2014 | D:2      | Noticed a black bear
  2019 | D:2      | You fall into a shaft and drop 1 floor!
  2776 | D:2      | Reached XP level 4. HP: 41/41 MP: 7/7
  2799 | D:2      | HP: 1/41 [black bear (3)]
  2801 | D:2      | Slain by a black bear

Illustrated notes

Levels and vault maps discovered:
D:1:      amcnicky_arrival_blooded_trapdoor, layout_basic,
          shapermc_ecumenical_altar_flowoftime
D:2:      minmay_diamond_boxcup, layout_rooms, basic_altar,
          amcnicky_mini_rare_corridor_liquid
D:3:      layout_basic, uniq_jessica

Skill      XL: |  1  2  3 |
---------------+----------+-----
Hexes          | 3 |  3.1
Spellcasting   | 2 |  2.2
Throwing       | 3 |  3.1
Fighting       | |  1.4
Dodging        | |  1.7
Translocations | |  0.4

Action                   |  1- 3 |  4- 6 || total
-------------------------+-------+-------++-------
Melee: Unarmed           |     1 |       ||     1
       Club              |   202 |     6 ||   208
Throw: Large rock        |    27 |     1 ||    28
       Throwing net      |     2 |     2 ||     4
 Stab: Held in net/web   |       |     1 ||     1
Armor: Robe              |    74 |     7 ||    81
Dodge: Dodged            |   101 |     6 ||   107

Table legend: (Time is in decaauts)
 A = Elapsed time spent in this place.
 B = Non-inter-level travel time spent in this place.
 C = Inter-level travel time spent in this place.
 D = Time resting spent in this place.
 E = Time spent auto-exploring this place.
 F = Levels seen in this place.
 G = Mean time per level.
                   A        B        C        D        E       F      G
               +--------+--------+--------+--------+--------+-----+--------+
         Total |   2888 |   2848 |     40 |    939 |   1257 |   3 |  962.7 |
       Dungeon |   2888 |   2848 |     40 |    939 |   1257 |   3 |  962.7 |
               +--------+--------+--------+--------+--------+-----+--------+

Top non-repeatable levels by time:
     D:1: 1748 daAuts
     D:2: 868 daAuts
     D:3: 271 daAuts
